EL
PORTLAND SEA DOGS @ JACKSON GENERALS
05/19/2048
 
TOP OF THE 1ST
Portland Sea Dogs batting - Pitching for Jackson Generals : RHP Jose Lomas
Pitching: RHP Jose Lomas
Batting: RHB Larry Brocato 0-0: Ground out 6-3 (Groundball, 6MD, EV 78.1 MPH)
Batting: RHB Joe Sandoval 0-0: Ball
1-0: Ball
2-0: Called Strike
2-1: Ball
3-1: Base on Balls
Batting: LHB David Moore 0-0: Ball
1-0: Called Strike
1-1: Ball
2-1: Grounds into double play, 4-6-3 (Groundball, 4, EV 77.5 MPH)
Top of the 1st over - 0 runs, 0 hits, 0 errors, 0 left on base; Portland 0 - Jackson 0
BOTTOM OF THE 1ST
Jackson Generals batting - Pitching for Portland Sea Dogs : LHP Nick Barnes
Pitching: LHP Nick Barnes
Batting: RHB Tomokazu Sugimoto 0-0: Foul Ball, location: 2F
0-1: Foul Ball, location: 2F
0-2: Ball
1-2: Ball
2-2: Fly out, F8 (Flyball, 78M, EV 84.4 MPH)
Batting: RHB Ryan Criollo 0-0: Called Strike
0-1: Ball
1-1: Foul Ball, location: 2F
1-2: Strikes out swinging
Batting: RHB Julian Gregory 0-0: Fly out, F8 (Flyball, 8LD, EV 91.2 MPH)
Bottom of the 1st over - 0 runs, 0 hits, 0 errors, 0 left on base; Portland 0 - Jackson 0
TOP OF THE 2ND
Portland Sea Dogs batting - Pitching for Jackson Generals : RHP Jose Lomas
Batting: RHB Dave Burwell 0-0: Ground out 6-3 (Groundball, 6M, EV 80.6 MPH)
Batting: LHB Sergio Tinoco 0-0: Called Strike
0-1: Fly out, F8 (Flyball, 8LD, EV 95.6 MPH)
Batting: RHB Alex Melendez 0-0: Ground out 6-3 (Groundball, 6, EV 98.1 MPH)
Top of the 2nd over - 0 runs, 0 hits, 0 errors, 0 left on base; Portland 0 - Jackson 0
BOTTOM OF THE 2ND
Jackson Generals batting - Pitching for Portland Sea Dogs : LHP Nick Barnes
Batting: RHB Mike Conaway 0-0: Foul Ball, location: 2F
0-1: Called Strike
0-2: Ball
1-2: Foul Ball, location: 2F
1-2: Ball
2-2: Ball
3-2: Base on Balls
Batting: RHB Adan Lake 0-0: Called Strike
Mike Conaway is caught stealing 2nd base 2-4
0-1: Ball
1-1: Ball
2-1: Ground out 4-3 (Groundball, 4, EV 92.5 MPH)
Batting: RHB Ching-hsia Zhang 0-0: Foul Ball, location: 2F
0-1: Ball
1-1: Foul Ball, location: 2F
1-2: Ball
2-2: Strikes out swinging, 2-3 out at first.
Bottom of the 2nd over - 0 runs, 0 hits, 0 errors, 0 left on base; Portland 0 - Jackson 0
TOP OF THE 3RD
Portland Sea Dogs batting - Pitching for Jackson Generals : RHP Jose Lomas
Batting: RHB Zi-jing Wang 0-0: Called Strike
0-1: Swinging Strike
0-2: Ball
1-2: Ball
2-2: Foul Ball, location: 2F
2-2: Foul Ball, location: 2F
2-2: Reached on error, E5 (Groundball, 56S, EV 79.4 MPH)
Batting: RHB Miguel Villanueva 0-0: SINGLE (Groundball, 56S, EV 68.8 MPH) (infield hit)
Zi-jing Wang to second
Batting: SHB Gus Cruz 0-0: Ball
1-0: Ball
2-0: Foul Ball, location: 2F
2-1: Fielders Choice at 2nd, 3-6 (Groundball, 3, EV 102.5 MPH)
Zi-jing Wang to third
Batting: RHB Larry Brocato 0-0: Ball
1-0: Ball
2-0: Called Strike
2-1: Foul Ball, location: 2F
2-2: Ball
3-2: DOUBLE (Line Drive, 89M, EV 91.2 MPH)
Zi-jing Wang scores
Gus Cruz to third
Batting: RHB Joe Sandoval 0-0: Ball
1-0: Fly out, F7 (Flyball, 7, EV 85.6 MPH)
Runner from 3rd tags up, SCORES, no throw by LF
Batting: LHB David Moore 0-0: Ball
1-0: Ball
2-0: Ball
Wild Pitch!
Larry Brocato to third
3-0: Called Strike
3-1: Foul Ball, location: 2F
3-2: Foul Ball, location: 2F
3-2: Foul Ball, location: 2F
3-2: Base on Balls
Batting: RHB Dave Burwell 0-0: Ball
1-0: Fielders Choice at 2nd, 5-4 (Groundball, 56, EV 86.2 MPH)
Top of the 3rd over - 2 runs, 2 hits, 1 error, 2 left on base; Portland 2 - Jackson 0
BOTTOM OF THE 3RD
Jackson Generals batting - Pitching for Portland Sea Dogs : LHP Nick Barnes
Batting: RHB Egidius Kruger 0-0: Called Strike
0-1: Ball
1-1: Ball
2-1: SINGLE (Groundball, 6M, EV 86.2 MPH) (infield hit)
Batting: RHB Justin Colella 0-0: Ball
1-0: Called Strike
1-1: Foul Ball, location: 2F
1-2: Foul Ball, location: 2F
1-2: Strikes out swinging
Batting: LHB Brent Dutcher 0-0: Called Strike
0-1: Swinging Strike
0-2: Ball
1-2: Strikes out swinging
Batting: RHB Tomokazu Sugimoto 0-0: Foul Ball, location: 2F
0-1: Ball
1-1: Foul Ball, location: 2F
1-2: Ball
2-2: Strikes out looking
Bottom of the 3rd over - 0 runs, 1 hit, 0 errors, 1 left on base; Portland 2 - Jackson 0
TOP OF THE 4TH
Portland Sea Dogs batting - Pitching for Jackson Generals : RHP Jose Lomas
Batting: LHB Sergio Tinoco 0-0: Foul Ball, location: 2F
0-1: SINGLE (Line Drive, 56D, EV 95.0 MPH)
Batting: RHB Alex Melendez 0-0: Ball
1-0: Fly out, F8 (Flyball, 8RM, EV 91.2 MPH)
Batting: RHB Zi-jing Wang 0-0: Ball
1-0: Called Strike
1-1: Foul Ball, location: 2F
1-2: Fielders Choice at 2nd, 2-6 (Groundball, 13S, EV 68.1 MPH)
Batting: RHB Miguel Villanueva 0-0: Ball
Zi-jing Wang steals 2nd base
1-0: Called Strike
1-1: Called Strike
1-2: Fly out, F4 (Line Drive, 4M, EV 65.0 MPH)
Top of the 4th over - 0 runs, 1 hit, 0 errors, 1 left on base; Portland 2 - Jackson 0
BOTTOM OF THE 4TH
Jackson Generals batting - Pitching for Portland Sea Dogs : LHP Nick Barnes
Batting: RHB Ryan Criollo 0-0: Called Strike
0-1: Ball
1-1: Foul Ball, location: 2F
1-2: Fly out, F5 (Popup, 5SF, EV 73.8 MPH)
Batting: RHB Julian Gregory 0-0: Foul Ball, location: 2F
0-1: Ball
1-1: Ball
2-1: Ball
3-1: Ground out 3-1 (Groundball, 34S, EV 85.0 MPH)
Batting: RHB Mike Conaway 0-0: Ball
1-0: Ground out 5-3 (Groundball, 56S, EV 86.2 MPH)
Bottom of the 4th over - 0 runs, 0 hits, 0 errors, 0 left on base; Portland 2 - Jackson 0
TOP OF THE 5TH
Portland Sea Dogs batting - Pitching for Jackson Generals : RHP Jose Lomas
Batting: SHB Gus Cruz 0-0: Called Strike
0-1: Ball
1-1: SINGLE (Groundball, 56D, EV 103.8 MPH)
Batting: RHB Larry Brocato 0-0: Ball
1-0: Ball
2-0: Fly out, F8 (Flyball, 8LD, EV 101.9 MPH)
Batting: RHB Joe Sandoval 0-0: Ball
1-0: Called Strike
1-1: Ball
2-1: Fielders Choice at 2nd, 5-4 (Groundball, 56S, EV 87.5 MPH)
Batting: LHB David Moore 0-0: Ball
1-0: Ball
2-0: Ball
3-0: Called Strike
3-1: Base on Balls
Joe Sandoval to second
Batting: RHB Dave Burwell 0-0: Ball
1-0: Ball
2-0: Ball
3-0: Base on Balls
Joe Sandoval to third
David Moore to second
Batting: LHB Sergio Tinoco 0-0: Ball
1-0: Ball
2-0: Ball
3-0: Foul Ball, location: 2F
3-1: Base on Balls
Joe Sandoval scores
David Moore to third
Dave Burwell to second
Batting: RHB Alex Melendez 0-0: Swinging Strike
0-1: Ball
Balk!
David Moore scores
Dave Burwell to third
Sergio Tinoco to second
1-1: SINGLE (Line Drive, 8LS, EV 94.4 MPH)
Dave Burwell scores
Sergio Tinoco to third
Runner from 3rd tries for Home, SAFE, throw by CF to home
Pitching: RHP Kieran Easton
Batting: RHB Zi-jing Wang 0-0: Foul Ball, location: 2F
0-1: Called Strike
0-2: DOUBLE (Groundball, 5L, EV 94.4 MPH)
Alex Melendez to third
Runner from 3rd tries for Home, SAFE, throw by LF to trailing runner, SAFE at third!
Batting: RHB Miguel Villanueva 0-0: Foul Ball, location: 2F
0-1: Foul Ball, location: 2F
0-2: Ball
1-2: Strikes out swinging
Top of the 5th over - 5 runs, 3 hits, 0 errors, 1 left on base; Portland 7 - Jackson 0
BOTTOM OF THE 5TH
Jackson Generals batting - Pitching for Portland Sea Dogs : LHP Nick Barnes
Batting: RHB Adan Lake 0-0: Called Strike
0-1: Ball
1-1: Ground out 5-3 (Groundball, 5S, EV 85.0 MPH)
Batting: RHB Ching-hsia Zhang 0-0: Ball
1-0: Ground out 3-1 (Groundball, 34, EV 84.4 MPH)
Batting: RHB Egidius Kruger 0-0: Foul Ball, location: 2F
0-1: Ball
1-1: Foul Ball, location: 2F
1-2: Ball
2-2: Strikes out swinging
Bottom of the 5th over - 0 runs, 0 hits, 0 errors, 0 left on base; Portland 7 - Jackson 0
TOP OF THE 6TH
Portland Sea Dogs batting - Pitching for Jackson Generals : RHP Kieran Easton
Batting: SHB Gus Cruz 0-0: Ground out 4-3 (Groundball, 34, EV 98.8 MPH)
Batting: RHB Larry Brocato 0-0: Foul Ball, location: 2F
0-1: Ball
1-1: Swinging Strike
1-2: Ball
2-2: Strikes out swinging
Batting: RHB Joe Sandoval 0-0: Swinging Strike
0-1: Fly out, F8 (Line Drive, 8RM, EV 96.9 MPH)
Top of the 6th over - 0 runs, 0 hits, 0 errors, 0 left on base; Portland 7 - Jackson 0
BOTTOM OF THE 6TH
Jackson Generals batting - Pitching for Portland Sea Dogs : LHP Nick Barnes
Batting: RHB Justin Colella 0-0: SINGLE (Groundball, 34D, EV 99.4 MPH)
Batting: LHB Brent Dutcher 0-0: Called Strike
0-1: Foul Ball, location: 2F
0-2: Ball
1-2: Ball
2-2: Foul Ball, location: 2F
2-2: Foul Ball, location: 2F
2-2: Ball
3-2: SINGLE (Groundball, 56, EV 97.5 MPH)
Justin Colella to second
Batting: RHB Tomokazu Sugimoto 0-0: Called Strike
0-1: Called Strike
0-2: Foul Ball, location: 2F
0-2: Ball
1-2: Ball
2-2: Foul Ball, location: 2F
2-2: Foul Ball, location: 2F
2-2: Ball
3-2: Base on Balls
Justin Colella to third
Brent Dutcher to second
Batting: RHB Ryan Criollo 0-0: Ball
1-0: Called Strike
1-1: Called Strike
1-2: Strikes out swinging
Batting: RHB Julian Gregory 0-0: Called Strike
0-1: Called Strike
0-2: Ball
1-2: Ball
2-2: Foul Ball, location: 2F
2-2: Foul Ball, location: 2F
2-2: SINGLE (Flyball, 34D, EV 96.2 MPH)
Justin Colella scores
Brent Dutcher to third
Tomokazu Sugimoto to second
Pitching: RHP Joseph Anderson
Batting: RHB Mike Conaway 0-0: Fly out, F8 (Line Drive, 78M, EV 96.2 MPH)
Batting: RHB Adan Lake 0-0: Fly out, F7 (Flyball, 78M, EV 94.4 MPH)
Bottom of the 6th over - 1 run, 3 hits, 0 errors, 3 left on base; Portland 7 - Jackson 1
TOP OF THE 7TH
Portland Sea Dogs batting - Pitching for Jackson Generals : RHP Kieran Easton
Batting: LHB David Moore 0-0: Foul Ball, location: 2F
0-1: Swinging Strike
0-2: Ball
1-2: Ball
2-2: Foul Ball, location: 2F
2-2: SINGLE (Groundball, 34D, EV 103.8 MPH)
Batting: RHB Dave Burwell 0-0: Swinging Strike
0-1: Foul Ball, location: 2F
0-2: Ball
1-2: Ball
2-2: Ball
3-2: Base on Balls
David Moore to second
Batting: LHB Sergio Tinoco 0-0: Ball
1-0: SINGLE (Line Drive, 34D, EV 106.2 MPH)
David Moore to third
Dave Burwell to second
Runner from 3rd tries for Home, throw by RF and OUT! 9-2
Batting: RHB Alex Melendez 0-0: Called Strike
0-1: Ball
1-1: Ball
2-1: Foul Ball, location: 2F
2-2: Grounds into double play, 6-4-3 (Groundball, 6, EV 81.2 MPH)
Top of the 7th over - 0 runs, 2 hits, 0 errors, 1 left on base; Portland 7 - Jackson 1
BOTTOM OF THE 7TH
Jackson Generals batting - Pitching for Portland Sea Dogs : RHP Joseph Anderson
Batting: RHB Ching-hsia Zhang 0-0: Ground out 4-3 (Groundball, 4, EV 92.5 MPH)
Batting: RHB Egidius Kruger 0-0: Ball
1-0: Called Strike
1-1: Ball
2-1: Called Strike
2-2: Strikes out swinging
Batting: RHB Justin Colella 0-0: Ball
1-0: Swinging Strike
1-1: Ball
2-1: Foul Ball, location: 2F
2-2: Strikes out swinging
Bottom of the 7th over - 0 runs, 0 hits, 0 errors, 0 left on base; Portland 7 - Jackson 1
TOP OF THE 8TH
Portland Sea Dogs batting - Pitching for Jackson Generals : RHP Kieran Easton
Batting: RHB Zi-jing Wang 0-0: Fly out, F4 (Popup, 34S, EV 65.0 MPH)
Batting: RHB Miguel Villanueva 0-0: Called Strike
0-1: Foul Ball, location: 2F
0-2: Foul Ball, location: 2F
0-2: Strikes out swinging
Batting: SHB Gus Cruz 0-0: Ball
1-0: Ball
2-0: SINGLE (Line Drive, 34, EV 99.4 MPH)
Batting: RHB Larry Brocato 0-0: Called Strike
0-1: Ball
1-1: Swinging Strike
1-2: Foul Ball, location: 2F
1-2: Ball
Gus Cruz steals 2nd base
2-2: Ball
3-2: Foul Ball, location: 2F
3-2: Base on Balls
Batting: RHB Joe Sandoval 0-0: Called Strike
0-1: Ball
1-1: Ball
2-1: Swinging Strike
2-2: Foul Ball, location: 2F
2-2: Strikes out swinging
Top of the 8th over - 0 runs, 1 hit, 0 errors, 2 left on base; Portland 7 - Jackson 1
BOTTOM OF THE 8TH
Jackson Generals batting - Pitching for Portland Sea Dogs : RHP Joseph Anderson
Batting: LHB Brent Dutcher 0-0: Foul Ball, location: 2F
0-1: Called Strike
0-2: TRIPLE (Line Drive, 9D, EV 103.1 MPH)
Batting: RHB Tomokazu Sugimoto 0-0: Ball
Wild Pitch!
Brent Dutcher scores
1-0: Swinging Strike
1-1: Ball
2-1: Swinging Strike
2-2: Ball
3-2: Foul Ball, location: 2F
3-2: Base on Balls
Batting: RHB Ryan Criollo 0-0: Ball
1-0: Called Strike
1-1: Swinging Strike
1-2: Foul Ball, location: 2F
1-2: Ball
2-2: Ball
3-2: Foul Ball, location: 2F
3-2: Strikes out swinging
Tomokazu Sugimoto steals 2nd base
Batter strikes out.
Pitching: LHP Kevin Turner
Batting: RHB Julian Gregory 0-0: Ball
1-0: Ball
2-0: Ball
3-0: Base on Balls
Batting: RHB Mike Conaway 0-0: Foul Ball, location: 2F
0-1: Ball
Passed Ball!
Tomokazu Sugimoto to third
Julian Gregory to second
1-1: Ground out 3-1 (Groundball, 34S, EV 88.1 MPH)
Tomokazu Sugimoto scores
Julian Gregory to third
Batting: RHB Adan Lake 0-0: Ball
1-0: Ball
2-0: Ground out 5-3 (Groundball, 5L, EV 88.8 MPH)
Bottom of the 8th over - 2 runs, 1 hit, 0 errors, 1 left on base; Portland 7 - Jackson 3
TOP OF THE 9TH
Portland Sea Dogs batting - Pitching for Jackson Generals : RHP Kieran Easton
Pitching: RHP Rickey DuMire
Batting: LHB David Moore 0-0: Called Strike
0-1: Ball
1-1: Foul Ball, location: 2F
1-2: Ground out 6-3 (Groundball, 6, EV 103.8 MPH)
Batting: RHB Dave Burwell 0-0: Swinging Strike
0-1: Ball
1-1: Ball
2-1: Called Strike
2-2: SOLO HOME RUN (Flyball, 78XD, EV 100.6 MPH), Distance : 427 ft
Batting: LHB Sergio Tinoco 0-0: Called Strike
0-1: Ball
1-1: Fly out, F9 (Flyball, 9, EV 94.4 MPH)
Batting: RHB Alex Melendez 0-0: DOUBLE (Line Drive, 7LM, EV 98.1 MPH)
Batting: RHB Zi-jing Wang 0-0: Ground out U3 (Groundball, 34, EV 88.1 MPH)
Top of the 9th over - 1 run, 2 hits, 0 errors, 1 left on base; Portland 8 - Jackson 3
BOTTOM OF THE 9TH
Jackson Generals batting - Pitching for Portland Sea Dogs : LHP Kevin Turner
Batting: RHB Ching-hsia Zhang 0-0: Ball
1-0: Ball
2-0: Ball
3-0: Called Strike
3-1: SINGLE (Groundball, 6D, EV 98.8 MPH)
Batting: RHB Egidius Kruger 0-0: Ball
1-0: Called Strike
1-1: Fly out, F8 (Flyball, 8LD, EV 81.9 MPH)
Batting: RHB Justin Colella 0-0: Ball
1-0: Swinging Strike
1-1: Ball
2-1: Foul Ball, location: 2F
2-2: Strikes out looking
Pitching: RHP Aaron Brannon
Batting: LHB Brent Dutcher 0-0: Foul Ball, location: 2F
0-1: Ball
1-1: Ball
2-1: Ball
3-1: Foul Ball, location: 2F
3-2: Strikes out swinging
Bottom of the 9th over - 0 runs, 1 hit, 0 errors, 1 left on base; Portland 8 - Jackson 3
Tuesday, March 28th , 2023 - OOTP Baseball 23.10 Build 110